 Dungeon Crawl Stone Soup version 0.29-a0-824-gd827844252 (webtiles) character file.

Game seed: 14700868471952015087

2238 Malachi the Grappler (level 9, -4/76 HPs)
             Began as a Troll Earth Elementalist on July 9, 2022.
             Slain by a killer bee (5 damage)
             ... on level 8 of the Dungeon.
             The game lasted 00:09:37 (5697 turns).

Malachi the Grappler (Troll Earth Elementalist)     Turns: 5697, Time: 00:09:38

Health: -4/76      AC:  4    Str: 30    XL:     9   Next: 14%
Magic:  9/9        EV:  9    Int: 15    God:
Gold:   431        SH:  0    Dex: 10    Spells: 9/10 levels left

rFire   . . .      SeeInvis .     - Unarmed
rCold   . . .      Faith    +   (no shield)
rNeg    . . .      Spirit   .   a - +0 robe
rPois   .          Reflect  .   (helmet restricted)
rElec   .          Harm     .   (no cloak)
rCorr   .          Rampage  .   (gloves unavailable)
Will    .....                   (boots unavailable)
Stlth   +.........              h - amulet of faith
HPRegen 1.02/turn               B - +6 ring of strength
MPRegen 0.11/turn               i - +6 ring of strength

@: lethally poisoned (-4 -> -34)
A: large, unfitting armour, claws 3, regeneration 1, shaggy fur 1, tough skin 1
a: no special abilities


You were on level 8 of the Dungeon.
You visited 2 branches of the dungeon, and saw 9 of its levels.
You also visited: Sewer.

You collected 431 gold pieces.

Inventory:

Armour
 a - a +0 robe (worn)
Jewellery
 f - a ring of resist corrosion
 h - an amulet of faith (around neck)
 i - a +6 ring of strength (right claw)
 B - a +6 ring of strength (left claw)
Wands
 d - a wand of charming (11)
 l - a wand of mindburst (18)
Scrolls
 c - a scroll of fog
 g - a scroll of identify
 j - 2 scrolls of blinking
 n - a scroll of brand weapon
 o - 3 scrolls of enchant weapon
 t - a scroll of enchant armour {unknown}
 x - 4 scrolls of magic mapping {unknown}
 y - 3 scrolls of vulnerability {unknown}
 z - a scroll of fear {unknown}
 A - a scroll of immolation {unknown}
 C - 4 scrolls of teleportation {unknown}
Potions
 b - a potion of magic
 e - 3 potions of heal wounds
 k - 2 potions of might {unknown}
 m - 3 potions of flight {unknown}
 q - 2 potions of resistance {unknown}
 r - 2 potions of curing {unknown}
 s - a potion of haste {unknown}
 u - a potion of invisibility {unknown}
 v - 2 potions of mutation {unknown}
 w - a potion of cancellation {unknown}


   Skills:
 + Level 1.0 Fighting
 - Level 1.5 Dodging
 - Level 1.0 Stealth
 - Level 12.0 Unarmed Combat
 - Level 1.2 Spellcasting
 - Level 0.6 Transmutations
 - Level 2.6 Earth Magic


You had 9 spell levels left.
You knew the following spells:

 Your Spells              Type           Power      Damage    Failure   Level
a - Sandblast             Erth           18%        2d7       8%          1

Your spell library contained the following spells:

 Spells                   Type           Power      Damage    Failure   Level
 Passwall                 Tmut/Erth      4%         N/A       19%         2
 Apportation              Tloc           0%         N/A       24%         1
 Foxfire                  Conj/Fire      0%         2x1d4     24%         1
 Necrotise                Necr           0%         1d4       24%         1
 Summon Small Mammal      Summ           0%         N/A       24%         1
 Ensorcelled Hibernation  Hex/Ice        0%         N/A       36%         2
 Stone Arrow              Conj/Erth      8%         3d7       38%         3
 Call Canine Familiar     Summ           0%         N/A       58%         3
 Conjure Flame            Conj/Fire      0%         6-21      58%         3
 Inner Flame              Hex/Fire       0%         N/A       58%         3
 Summon Guardian Golem    Hex/Summ       0%         N/A       58%         3
 Swiftness                Air            0%         N/A       58%         3
 Petrify                  Tmut/Erth      5%         N/A       77%         4
 Animate Armour           Summ/Erth      8%         N/A       80%         4
 Flame Wave               Conj/Fire      0%         2d4       94%         4
 Lehudib's Crystal Spear  Conj/Erth      2%         10d2      100%        8


Dungeon Overview and Level Annotations

Branches:
Dungeon (8/15)             Temple (1/1) D:6           Sewer (visited)
   Lair: D:8-11

Altars:
Ashenzari
Cheibriados
Dithmenos
Elyvilon
Fedhas
Gozag
Kikubaaqudgha
Nemelex Xobeh
Okawaru
Qazlal
Ru
Sif Muna
Trog
Uskayaw
Wu Jian
Xom
Yredelemnul
Zin
The Shining One

Shops:
D:3 =


Innate Abilities, Weirdness & Mutations

You are too large for most types of armour.
You have claws for hands.
Your natural rate of healing is unusually fast.
You are covered in fur. (AC +1)
You have tough skin. (AC +1)


Message History

The killer bee stings you.
You feel sick. The killer bee barely misses you. The killer bee stings you.
* * * LOW HITPOINT WARNING * * *
You are more poisoned.
The killer bee poisons you!
As you read the scroll labelled JANKET KAMYB, it crumbles to dust.
It is a scroll of identify.
n - a scroll of brand weapon You feel very sick.
The killer bee barely misses you. The killer bee stings you.
* * * LOW HITPOINT WARNING * * *
You are more poisoned.
The killer bee poisons you! The killer bee stings you.
* * * LOW HITPOINT WARNING * * *
You are more poisoned.
The killer bee poisons you! The killer bee barely misses you.
It was a potion of heal wounds.
You feel much better.
You feel very sick. The killer bee closely misses you.
The killer bee barely misses you. The killer bee stings you.
You are more poisoned.
The killer bee poisons you!
The killer bee stings you but does no damage.
As you read the scroll labelled VOKHOC VUBAVIU, it crumbles to dust.
Wisps of shadow whirl around you...
It was a scroll of summoning.
* * * LOW HITPOINT WARNING * * *
You feel extremely sick. The killer bee stings you!
* * * LOW HITPOINT WARNING * * *
You are more poisoned.
The killer bee poisons you! The killer bee stings you.
* * * LOW HITPOINT WARNING * * *
The killer bee stings you.
* * * LOW HITPOINT WARNING * * *
You are more poisoned.
The killer bee poisons you! The killer bee stings you.
* * * LOW HITPOINT WARNING * * *
You are more poisoned.
The killer bee poisons you! The killer bee stings you.
You die... ## ........... .# ......... .# .. ....... <+ ..... ..... .# .... .yy

.##+ ##.##### ##§#
.##..###......###yy#
.........###..KKyy##
.........#/#..zz@y#
.##...##.###..##K§#
.##...##......##F§z..
..........#...........
..........#........#....
.##.......+........#....
#.......#........+ ...
#...##..##..##..## ..
#...##..##+###..#


You could see a hornet, 4 killer bees, a friendly kobold brigand (summoned), a
friendly bullfrog (summoned), 3 friendly wights and 2 friendly kobolds.

Vanquished Creatures
  The ghost of Banquo the Chopper, an amateur OpFi of Ashenzari (D:5)
  A wyvern (D:8)
  A black bear (D:8)
  A sky beast (D:7)
  An ogre (D:5)
  A centaur (D:5)
  2 kobold brigands
  3 bullfrogs
  3 scorpions
  A killer bee (D:8)
  3 hounds
  9 orc priests
  2 jellies
  4 iguanas
  3 orc wizards
  8 gnolls
  17 adders
  3 river rats (Sewer)
  3 worms (D:2)
  2 dart slugs
  22 orcs
  5 bats
  8 endoplasms
  7 giant cockroaches
  4 goblins
  11 hobgoblins
  8 jackals
  A quokka (D:2)
  13 ball pythons
  8 frilled lizards
  17 kobolds
  15 rats
  4 bushes (D:5)
192 creatures vanquished.

Vanquished Creatures (others)
  An orc (D:2)
  5 plants (Sewer)
6 creatures vanquished.

Grand Total: 198 creatures vanquished

Notes
Turn   | Place    | Note
-------+----------+-------------------------------------------
     0 | D:1      | Malachi the Troll Earth Elementalist began the quest for
                  | the Orb.
     0 | D:1      | Reached XP level 1. HP: 16/16 MP: 1/1
    58 | D:1      | Reached skill level 1 in Unarmed Combat
    58 | D:1      | Reached XP level 2. HP: 21/24 MP: 2/2
    93 | D:1      | Reached skill level 2 in Unarmed Combat
   224 | D:1      | Found a faded altar of an unknown god.
   582 | D:2      | Found an ornate altar of the Wu Jian Council.
   598 | D:2      | Reached XP level 3. HP: 24/31 MP: 3/3
   599 | D:2      | Reached skill level 3 in Unarmed Combat
   721 | D:2      | Reached XP level 4. HP: 39/39 MP: 4/4
   785 | D:2      | Reached skill level 4 in Unarmed Combat
   955 | D:2      | Reached XP level 5. HP: 21/45 MP: 5/5
  1124 | D:2      | Reached skill level 5 in Unarmed Combat
  1488 | D:3      | Found Lesut's Jewellery Shop.
  1570 | D:3      | Reached skill level 6 in Unarmed Combat
  1570 | D:3      | Reached XP level 6. HP: 52/53 MP: 6/6
  2126 | D:4      | Found a glowing drain.
  2136 | Sewer    | Entered a sewer
  2322 | Sewer    | Reached skill level 7 in Unarmed Combat
  2769 | D:4      | Reached XP level 7. HP: 55/59 MP: 7/7
  3020 | D:4      | Found an ornate altar of the Wu Jian Council.
  3243 | D:5      | Entered Level 5 of the Dungeon
  3303 | D:5      | Reached skill level 8 in Unarmed Combat
  3379 | D:5      | Found a shimmering altar of Xom.
  3389 | D:5      | Found a shimmering altar of Xom.
  3391 | D:5      | Found a shimmering altar of Xom.
  3391 | D:5      | Found a shimmering altar of Xom.
  3420 | D:5      | Found a shimmering altar of Xom.
  3439 | D:5      | Found a shimmering altar of Xom.
  3441 | D:5      | Found a shimmering altar of Xom.
  3520 | D:5      | Reached skill level 9 in Unarmed Combat
  3754 | D:5      | Found a runed translucent gate.
  3754 | D:5      | Found a runed translucent gate.
  3755 | D:5      | Found a runed translucent gate.
  3755 | D:5      | Noticed Banquo's ghost (amateur OpFi)
  3761 | D:5      | Reached XP level 8. HP: 49/67 MP: 8/8
  3825 | D:5      | Killed Banquo's ghost
  3826 | D:5      | Reached skill level 10 in Unarmed Combat
  4523 | D:6      | Reached skill level 11 in Unarmed Combat
  4709 | D:6      | Found a staircase to the Ecumenical Temple.
  4729 | Temple   | Entered the Ecumenical Temple
  5554 | D:8      | Reached XP level 9. HP: 75/75 MP: 9/9
  5691 | D:8      | Reached skill level 1 in Fighting
  5691 | D:8      | Reached skill level 12 in Unarmed Combat
  5697 | D:8      | HP: 3/76 [killer bee (3)]
  5697 | D:8      | HP: 1/76 [killer bee (2)]
  5697 | D:8      | Slain by a killer bee

Illustrated notes

Levels and vault maps discovered:
D:1:      elethiomel_arrival_shortcut, layout_basic,
          hellmonk_ecumenical_altar_run_dry
D:2:      layout_basic, basic_altar, minmay_joined_circles
D:3:      layout_loops_cross, serial_shops, shop
D:4:      layout_cave_pools, pdpol_wu_jian_five_deadly_venoms,
          portal_sewer_entry_a, st_stairs_8, ebering_dispersal_statue_hall,
          dk_vineyard_2, hangedman_decor_riveting
D:5:      layout_loops_ring, nicolae_xom_altar_mimics,
          gammafunk_ghost_nasty_kobolds, minmay_hedge_maze
D:6:      layout_basic, minmay_temple_entry_offerings
D:7:      layout_basic
D:8:      layout_gridville, ebering_ghost_xom, item_on_display_b
Temple:   minmay_temple_bridge_d

Skill      XL: |  1  2  3  4  5  6  7  8  9 |
---------------+----------------------------+-----
Unarmed Combat | 1 2 3 4 6 7 9 11 12 | 12.0
Fighting       | 1 |  1.0
Dodging        | |  1.5
Stealth        | |  1.0
Spellcasting   | |  1.2
Transmutations | |  0.6
Earth Magic    | |  2.6

Action                   |  1- 3 |  4- 6 |  7- 9 || total
-------------------------+-------+-------+-------++-------
Melee: Unarmed           |    75 |   245 |   260 ||   580
       Punch             |     2 |     4 |    13 ||    19
  Use: Scroll            |       |       |     6 ||     6
       Potion            |       |       |     3 ||     3
 Stab: Sleeping          |     2 |     4 |       ||     6
Armor: Robe              |    21 |    80 |    50 ||   151
       Skin              |       |       |     2 ||     2
Dodge: Dodged            |    27 |   137 |    80 ||   244

Table legend: (Time is in decaauts)
 A = Elapsed time spent in this place.
 B = Non-inter-level travel time spent in this place.
 C = Inter-level travel time spent in this place.
 D = Time resting spent in this place.
 E = Time spent auto-exploring this place.
 F = Levels seen in this place.
 G = Mean time per level.
                   A        B        C        D        E       F      G
               +--------+--------+--------+--------+--------+-----+--------+
         Total |   5768 |   5485 |    283 |    196 |   3865 |  10 |  576.8 |
       Dungeon |   4643 |   4503 |    140 |    196 |   3119 |   8 |  580.4 |
        Temple |    381 |    238 |    143 |      0 |    211 |   1 |  381.0 |
         Sewer |    743 |    743 |      0 |      0 |    535 |   1 |  743.0 |
               +--------+--------+--------+--------+--------+-----+--------+

Top non-repeatable levels by time:
     D:5: 947 daAuts
     D:2: 769 daAuts
   Sewer: 743 daAuts
     D:3: 637 daAuts
     D:4: 624 daAuts
     D:1: 580 daAuts
     D:6: 533 daAuts
     D:7: 404 daAuts
  Temple: 381 daAuts
     D:8: 145 daAuts
